 Dungeon Crawl Stone Soup version 0.23.1-37-gaa34b87 (webtiles) character file.

Game seed: 10581973428067268380

80 prey the Sneak (level 4, -5/21 HPs)
             Began as a Spriggan Enchanter on Mar 23, 2019.
             Killed by divine providence
             ... invoked by an orc priest
              (10 damage)
             ... on level 3 of the Dungeon.
             The game lasted 00:13:50 (3502 turns).

prey the Sneak (Spriggan Enchanter)                 Turns: 3502, Time: 00:13:50

Health: -5/21      AC:  3    Str:  5    XL:     4   Next: 18%
Magic:  9/9        EV: 19    Int: 16    God:
Gold:   63         SH:  0    Dex: 16    Spells: 8/9 levels left

rFire    . . .     SeeInvis +   a - +1 dagger
rCold    . . .     Gourm    .   (shield restricted)
rNeg     . . .     Faith    .   b - +0 robe
rPois    .         Spirit   .   (helmet restricted)
rElec    .         Reflect  .   c - +0 cloak
rCorr    .         Harm     .   (gloves unavailable)
MR       .....                  (boots unavailable)
Stlth    +++.......             (no amulet)
HPRegen  0.07/turn              (no ring)
MPRegen  0.11/turn              (no ring)

@: very quick
A: very small, unfitting armour, see invisible, herbivore, speed 3, slow
metabolism 2
a: no special abilities


You were on level 3 of the Dungeon.
You were hungry.

You visited 1 branch of the dungeon, and saw 4 of its levels.

You collected 63 gold pieces.

Inventory:

Hand Weapons
 a - a +1 dagger (weapon)
 t - a +1 long sword of electrocution
Missiles
 g - 103 stones (quivered)
 r - 22 sling bullets
Armour
 b - a +0 robe (worn)
 c - a +0 cloak (worn)
Jewellery
 e - a +5 ring of intelligence {unknown}
 o - an uncursed ring of wizardry {unknown}
Scrolls
 j - 2 scrolls of random uselessness {unknown}
 k - a scroll of enchant weapon {unknown}
 l - 2 scrolls of identify {unknown}
 m - a scroll of remove curse {unknown}
 n - a scroll of amnesia {unknown}
 p - 3 scrolls of enchant armour {unknown}
 s - a scroll of fear {unknown}
Potions
 f - a potion of mutation {unknown}
 h - a potion of degeneration {unknown}
 i - a potion of haste {unknown}
 q - a potion of curing {unknown}
Comestibles
 d - 3 rations


   Skills:
 * Level 2.4 Short Blades
 - Level 0.4 Throwing
 + Level 3.7 Dodging
 * Level 5.7 Stealth
 + Level 3.2 Spellcasting
 - Level 3.8 Hexes


You had 8 spell levels left.
You knew the following spells:

 Your Spells              Type           Power        Failure   Level  Hunger
a - Corona                Hex            ##.....      3%          1    None

Your spell library contained the following spells:

 Spells                   Type           Power        Failure   Level  Hunger
 Confuse                  Hex            ##......     12%         3    ###....
 Tukima's Dance           Hex            ##......     12%         3    ###....
 Ensorcelled Hibernation  Hex/Ice        #.....       13%         2    ##.....
 Dazzling Spray           Conj/Hex       #.....       26%         3    ###....


Dungeon Overview and Level Annotations

Branches:
Dungeon (4/15)
 Temple: D:4-7

Altars:


Innate Abilities, Weirdness & Mutations

You are very small and have problems with some larger weapons.
You are too small for most types of armour.
You have supernaturally acute eyesight. (SInv)
You are a herbivore.
You cover ground extremely quickly.
You need to consume almost no food.


Message History

The orc priest is heavily wounded.
The orc priest misses you.
You hit the orc priest but do no damage.
The orc priest is heavily wounded.
The orc priest hits you with a +0 falchion.
You hit the orc priest but do no damage.
The orc priest is heavily wounded.
The orc priest barely misses you.
You closely miss the orc priest.
The orc priest is heavily wounded.
You hit the orc priest.
The orc priest is heavily wounded.
The orc priest hits you with a +0 falchion!
* * * LOW HITPOINT WARNING * * *
You hit the orc priest.
The orc priest is severely wounded.
The orc priest closely misses you.
The orc priest mumbles some strange prayers to Beogh against you.
Beogh smites you!
You die...

## .######## .#......#
##+#.#.####.#
#..†.#.#..#.#
##.###.#..#.#
#.###.#..#.#
######.....#....#########
.......###.#....@......<#
.........†..)o###########
####.#.#...(..#
...#.#.#.##.#
...##.#.#.##.# ..#.
#.#.#.##.# #.#. #..
#..... . #. ... #.....
##.##.####


You could see an orc priest.

Vanquished Creatures
  An adder (D:2)
  A gnoll (D:2)
  A worm (D:3)
  2 dart slugs (D:3)
  3 leopard geckos
  5 bats
  3 giant cockroaches
  6 goblins
  7 hobgoblins
  7 kobolds
  2 quokkas (D:2)
  A ball python (D:3)
  4 frilled lizards
  7 rats (D:1)
50 creatures vanquished.

Vanquished Creatures (others)
  A plant (D:1)
1 creature vanquished.

Grand Total: 51 creatures vanquished

Notes
Turn   | Place    | Note
-------+----------+-------------------------------------------
     0 | D:1      | prey the Spriggan Enchanter began the quest for the Orb.
     0 | D:1      | Reached XP level 1. HP: 9/9 MP: 5/5
   269 | D:2      | Reached XP level 2. HP: 6/13 MP: 6/6
   630 | D:1      | Reached skill level 5 in Stealth
  1524 | D:1      | Reached XP level 3. HP: 4/16 MP: 6/8
  2534 | D:3      | Found a faded altar of an unknown god.
  3209 | D:2      | Reached XP level 4. HP: 9/21 MP: 9/9
  3502 | D:3      | Killed from afar by an orc priest

Skill      XL: |  1  2  3 |
---------------+----------+-----
Stealth        | 5 |  5.7
Spellcasting   | 3 |  3.2
Short Blades   | 2 |  2.4
Throwing       | |  0.4
Dodging        | |  3.7
Hexes          | |  3.8

Action                   |  1- 3 |  4- 6 || total
-------------------------+-------+-------++-------
Melee: Dagger            |   274 |    46 ||   320
Throw: Stone             |    12 |     6 ||    18
 Stab: Sleeping          |    13 |       ||    13
       Distracted        |     2 |       ||     2
Armor: Robe              |    28 |     1 ||    29
Dodge: Dodged            |   167 |    29 ||   196
